 Dungeon Crawl Stone Soup version 0.25-a0-292-gaa31f046c4 (webtiles) character file.

Game seed: 4110029185441135747, levelgen mode: deterministic

2025 MoonlitKnight the Spear-Bearer (level 9, -3/71 HPs)
             Began as a Merfolk Skald on Dec 15, 2019.
             Was a Follower of Okawaru.
             Slain by an orc warrior
             ... wielding a +0 battleaxe
              (15 damage)
             ... on level 6 of the Dungeon.
             The game lasted 00:20:20 (6788 turns).

MoonlitKnight the Spear-Bearer (Merfolk Skald)      Turns: 6788, Time: 00:20:20

Health: -3/71      AC:  6    Str: 13    XL:     9   Next: 23%
Magic:  12/12      EV: 15    Int: 16    God:    Okawaru [*.....]
Gold:   184        SH:  0    Dex: 15    Spells: 6/12 levels left

rFire    . . .     SeeInvis +   a - +0 halberd
rCold    . . .     Gourm    .   (shield currently unavailable)
rNeg     . . .     Faith    .   m - +1 ring mail
rPois    .         Spirit   .   (no helmet)
rElec    .         Reflect  .   (no cloak)
rCorr    .         Harm     .   (no gloves)
MR       .....                  (no boots)
Stlth    ..........             (no amulet)
HPRegen  0.21/turn              n - +4 ring of intelligence
MPRegen  0.13/turn              v - ring of see invisible

@: confused, very slightly contaminated
A: change form in water, swift swim, stealthy swim
a: Heroism, Renounce Religion


You were on level 6 of the Dungeon.
You worshipped Okawaru.
Okawaru was aware of your devotion.
You were not hungry.

You visited 2 branches of the dungeon, and saw 8 of its levels.

You collected 184 gold pieces.

Inventory:

Hand Weapons
 a - a +0 halberd (weapon)
 b - a +0 hunting sling
 C - a +1 spear
Missiles
 t - 75 stones
 u - 7 poisoned darts (quivered)
 y - 10 sling bullets
Armour
 m - a +1 ring mail (worn)
 B - a +0 scale mail
Jewellery
 e - an uncursed ring of resist corrosion
 i - an uncursed ring of flight
 n - a +4 ring of intelligence (left hand)
 v - a ring of see invisible (right hand)
Wands
 g - a wand of iceblast (6)
 s - a wand of acid (11)
 A - a wand of polymorph (4)
Scrolls
 c - a scroll of fog
 l - 3 scrolls of enchant armour
 w - a scroll of remove curse
 x - a scroll of magic mapping
 D - a scroll of fear {unknown}
Potions
 f - a potion of haste
 h - a potion of berserk rage {unknown}
 j - a potion of degeneration
 k - 4 potions of curing
 p - 3 potions of heal wounds {unknown}
 q - a potion of lignification
 r - 2 potions of mutation
 z - a potion of cancellation {unknown}
Comestibles
 d - 7 rations
 E - 4 chunks of flesh


   Skills:
 + Level 6.8 Fighting
 * Level 12.0 Polearms
 - Level 0.6 Armour
 + Level 8.1 Dodging
 - Level 2.0 Spellcasting
 - Level 3.2 Charms


You had 6 spell levels left.
You knew the following spells:

 Your Spells              Type           Power        Failure   Level  Hunger
a - Infusion              Chrm           ##..         12%         1    #......
b - Shroud of Golubria    Chrm/Tloc      #.....       34%         2    ###....
c - Spectral Weapon       Hex/Chrm       #.......     56%         3    ###....

Your spell library contained the following spells:

 Spells                   Type           Power        Failure   Level  Hunger
 Song of Slaying          Chrm           ##......     17%         2    ###....
 Regeneration             Chrm/Necr      #.........   56%         3    ###....
 Iskenderun's Battlesphe  Conj/Chrm      #.......     99%         5    ######.
 Bolt of Magma            Conj/Fire/Erth #.........   100%        5    ######.
 Iron Shot                Conj/Erth      #.........   100%        6    #######
 Orb of Destruction       Conj           #.........   100%        7    #######
 Spellforged Servitor     Conj/Summ      #.........   100%        7    #######


Dungeon Overview and Level Annotations

Branches:
Dungeon (7/15)             Temple (1/1) D:5

Altars:
Cheibriados
Dithmenos
Fedhas
Okawaru
Sif Muna
Trog
Wu Jian
Xom
Zin

Shops:
D:4 (   D:5 [%


Message History

The leopard gecko bites you. The orc warrior barely misses you.
The orc wizard hits you with a +0 dagger.
The orc wizard shouts!
You slice the orc wizard!!
You kill the orc wizard!
Okawaru accepts your kill.
Your Polearms skill increases to level 12!
The leopard gecko bites you but does no damage.
You hit the orc wizard but do no damage.
The leopard gecko bites you but does no damage.
The orc warrior hits you with a +0 battleaxe!
* * * LOW HITPOINT WARNING * * *
The orc wizard casts a spell at you.
The magic dart hits you but does no damage.
You are confused.
You feel invigorated. The leopard gecko bites you.
* * * LOW HITPOINT WARNING * * *
The orc wizard misses you.
The orc warrior hits you with a +0 battleaxe!
You die...

###.###........
#..............
######...........o..
#...................
#..........>....l...
#......###§§§.......
######## ##o#†######
#o#h# #@#§#


#olh# .oo§.h. ###.§#.... .># ... .## .. .# . .# You could see an orc warrior, an
orc priest, an orc wizard, 2 orcs, a leopard gecko and a jackal.

Vanquished Creatures
  Harold (D:7)
  2 sky beasts (D:7)
  An ice beast (D:5)
  An orc warrior (D:7)
  2 ogres (D:3)
  3 bullfrogs
  A crimson imp (D:7)
  A hound (D:7)
  A centaur zombie (D:6)
  A centaur skeleton (D:5)
  2 orc priests (D:6)
  A jelly (D:5)
  2 iguanas
  4 orc wizards
  2 worker ants (D:4)
  6 adders
  3 shadow imps (D:6)
  An adder skeleton (D:4)
  An adder zombie (D:4)
  2 worms
  2 dart slugs
  7 leopard geckos
  12 orcs
  5 giant cockroaches
  15 goblins
  6 hobgoblins
  7 jackals
  4 kobolds
  A quokka (D:3)
  A ball python (D:2)
  7 bats
  3 frilled lizards (D:1)
  A leopard gecko skeleton (D:6)
  4 rats
113 creatures vanquished.

Vanquished Creatures (others)
  2 spectral weapons (D:6)
2 creatures vanquished.

Grand Total: 115 creatures vanquished

Notes
Turn   | Place    | Note
-------+----------+-------------------------------------------
     0 | D:1      | MoonlitKnight the Merfolk Skald began the quest for the
                  | Orb.
     0 | D:1      | Reached XP level 1. HP: 16/16 MP: 3/3
   414 | D:1      | Reached XP level 2. HP: 23/23 MP: 1/5
   418 | D:1      | Learned a level 2 spell: Shroud of Golubria
   917 | D:1      | Reached skill level 4 in Polearms
  1119 | D:1      | Reached XP level 3. HP: 28/28 MP: 6/6
  1445 | D:2      | Learned a level 3 spell: Spectral Weapon
  1769 | D:2      | Reached XP level 4. HP: 26/34 MP: 2/7
  1832 | D:2      | Found a shimmering altar of Xom.
  1855 | D:2      | Reached skill level 5 in Polearms
  2146 | D:3      | Reached XP level 5. HP: 33/41 MP: 0/8
  2447 | D:3      | Noticed an ogre
  2477 | D:3      | Killed an ogre
  2477 | D:3      | Reached skill level 6 in Polearms
  2477 | D:3      | Reached XP level 6. HP: 48/48 MP: 1/9
  3381 | D:4      | Reached skill level 7 in Polearms
  3886 | D:3      | Reached skill level 5 in Dodging
  3981 | D:4      | Found Lesmir's Weapon Emporium.
  4414 | D:5      | Entered Level 5 of the Dungeon
  4669 | D:5      | Found Deejeet's Armour Emporium.
  4698 | D:5      | Found Yvvy's Food Shop.
  4771 | D:5      | Reached XP level 7. HP: 53/55 MP: 5/10
  4844 | D:5      | Found a staircase to the Ecumenical Temple.
  4854 | Temple   | Entered the Ecumenical Temple
  4879 | Temple   | Became a worshipper of Warmaster Okawaru
  4934 | D:5      | Reached skill level 8 in Polearms
  5821 | D:7      | Found a blossoming altar of Fedhas.
  5826 | D:7      | Noticed Harold
  5858 | D:7      | Reached skill level 5 in Fighting
  5858 | D:7      | Reached skill level 9 in Polearms
  5877 | D:7      | Killed Harold
  5877 | D:7      | Reached skill level 10 in Polearms
  5877 | D:7      | Reached XP level 8. HP: 37/64 MP: 9/11
  6091 | D:7      | Reached * piety under Okawaru
  6091 | D:7      | Reached skill level 11 in Polearms
  6193 | D:7      | Reached XP level 9. HP: 23/71 MP: 1/12
  6455 | D:7      | Found a blossoming altar of Fedhas.
  6786 | D:6      | Reached skill level 12 in Polearms
  6788 | D:6      | Slain by an orc warrior

Levels and vault maps discovered:
D:1:      giann_bridges, layout_basic, corexii_item_surrounded_by_moat,
          grunt_decor_one_mirror
D:2:      layout_rooms, nicolae_overflow_crystal_walls
D:3:      layout_basic, first_ration, minmay_ogre_servants
D:4:      layout_basic, serial_shops, nicolae_shop_trees,
          hangedman_glass_garden, hex_medium
D:5:      layout_loops_ring, minmay_temple_entry_wispy, serial_shops,
          nicolae_shop_waterfront, shop_statue, nicolae_shop_trees, shop
D:6:      layout_basic, kennysheep_mini, minivault_10
D:7:      layout_basic, fedhas_ov_isle_minmay, serial_shops, shop,
          kennysheep_mini_moat, shop, the_bakery, kennysheep_small_circle,
          uniq_harold
Temple:   eino_temple_water

Skill      XL: |  1  2  3  4  5  6  7  8  9 |
---------------+----------------------------+-----
Dodging        | 3 4 5 7 8 |  8.1
Polearms       | 4 5 6 7 10 11 12 | 12.0
Fighting       | 3 4 6 |  6.8
Armour         | |  0.6
Spellcasting   | |  2.0
Charms         | |  3.2

Action                   |  1- 3 |  4- 6 |  7- 9 || total
-------------------------+-------+-------+-------++-------
Melee: Spear             |   147 |   204 |    83 ||   434
       Unarmed           |       |       |    16 ||    16
       Halberd           |       |       |    82 ||    82
 Fire: Hunting sling     |       |     4 |     2 ||     6
Throw: Dart              |       |    11 |       ||    11
 Cast: Infusion          |     9 |     6 |     9 ||    24
       Shroud of Golubri |     3 |     6 |     1 ||    10
       Spectral Weapon   |       |     2 |     4 ||     6
  Use: Scroll            |       |    14 |     2 ||    16
       Potion            |       |     1 |     3 ||     4
 Stab: Confused          |       |       |     1 ||     1
  Eat: Chunk             |     3 |     7 |     5 ||    15
       Ration            |       |     1 |     1 ||     2
Armor: Leather armour    |    35 |       |       ||    35
       Ring mail         |    24 |    41 |    45 ||   110
       Skin              |       |    30 |       ||    30
Dodge: Dodged            |    91 |   105 |    81 ||   277

Table legend:
 A = Non-vault XP
 B = Vault XP
 C = Vault XP percentage of total XP
 D = Non-vault monster count
 E = Vault monster count
 F = Vault count percentage of total count
                 A         B        C        D         E       F
            +---------+---------+-------+---------+---------+-------
      Total |    1569 |    1324 |  45.8 |     101 |      12 |  10.6
            +---------+---------+-------+---------+---------+-------
        D:1 |      34 |       0 |   0.0 |      20 |       0 |   0.0
        D:2 |      65 |       0 |   0.0 |      13 |       0 |   0.0
        D:3 |     226 |     136 |  37.6 |      19 |       9 |  32.1
        D:4 |     139 |       0 |   0.0 |      17 |       0 |   0.0
        D:5 |     225 |       0 |   0.0 |       8 |       0 |   0.0
        D:6 |     419 |       0 |   0.0 |      15 |       0 |   0.0
        D:7 |     461 |    1188 |  72.0 |       9 |       3 |  25.0
            +---------+---------+-------+---------+---------+-------
